 Dungeon Crawl Stone Soup version 0.17-a0-1248-g117de50 (webtiles) character file.

282613 wotan the Brawler (level 20, -3/167 HPs)
             Began as a Ghoul Monk on June 3, 2015.
             Was the Champion of Makhleb.
             Slain by an octopode crusher (4 damage)
             ... on level 2 of the Depths on June 5, 2015.
             The game lasted 07:49:44 (44292 turns).

wotan the Brawler (Ghoul Monk)                     Turns: 44292, Time: 07:49:46

Health: -3/167     AC: 18    Str: 18    XL:     20   Next: 53%
Magic:  26/29      EV:  7    Int:  7    God:    Makhleb [******]
Gold:   4198       SH: 15    Dex: 15    Spells: 1 memorised, 16 levels left

rFire  + . .     SeeInvis +       - Unarmed
rCold  + . .     Clarity  .     d - +6 chain mail of Resilience {+Blink rPois}
rNeg   + + +     SustAt   .     C - +2 shield {reflect}
rPois  ∞         Gourm    .     z - +0 hat {SInv}
rElec  .         Spirit   .     p - +2 cloak {+Inv}
rCorr  +         Warding  .     (no gloves)
rMut   .         Stasis   .     f - +1 pair of boots
MR     +....                    B - amulet of resist corrosion
Stlth  ..........               X - +4 ring of protection
                                o - ring of protection from fire

@: corroded equipment, very slightly contaminated, rotting, constricted,
invisible, somewhat resistant to hostile enchantments, extremely unstealthy
A: rotting body, claws 1, carnivore 3, cold resistance 1, negative energy
resistance 3, slow healing 1, torment resistance, unbreathing
a: Minor Destruction, Lesser Servant of Makhleb, Major Destruction, Greater
Servant of Makhleb, Renounce Religion, Evoke Blink, Turn Visible
}: 2/15 runes: decaying, gossamer


You were on level 2 of the Depths.
You worshipped Makhleb.
Makhleb was exalted by your worship.
You were not hungry.

You visited 8 branches of the dungeon, and saw 41 of its levels.
You also visited: Ice Cave and Volcano.

You collected 4844 gold pieces.
You spent 646 gold pieces at shops.

Inventory:

Hand weapons
 a - a +3 blowgun
Missiles
 A - 43 poisoned needles
Armour
 d - the +6 chain mail of Resilience (worn) {+Blink rPois}
   (You bought it in a shop on level 4 of the Orcish Mines)

   It protects you from poison.
   It lets you blink.
 f - a +1 pair of boots (worn)
 l - a +4 chain mail of cold resistance
 p - a +2 cloak of invisibility (worn)
 z - a +0 hat of see invisible (worn)
 C - a +2 shield of reflection (worn)
Jewellery
 j - an uncursed ring of protection from magic
 n - the amulet "Jyh Agoc" {*Drain +Rage rF++ Int+5}
   (You took it off an ogre mage on level 13 of the Dungeon)

   [amulet of rage]

   It affects your intelligence (+5).
   It greatly protects you from fire.
   It lets you go berserk.
   It causes draining when unequipped.
 o - a ring of protection from fire (left claw)
 q - an uncursed amulet of clarity
 u - an uncursed amulet of regeneration
 v - an uncursed ring of protection from cold
 B - an amulet of resist corrosion (around neck)
 H - a +5 ring of evasion
 U - an uncursed ring of sustain attributes
 V - an uncursed ring of wizardry
 X - a +4 ring of protection (right claw)
Magical devices
 y - a wand of paralysis (3)
 D - a wand of hasting (2)
 I - a wand of disintegration (3)
 N - a wand of fire (5)
 P - a wand of digging (12)
 Q - a wand of random effects (17)
 R - a wand of fireball (7)
 T - a wand of magic darts (24)
 W - a wand of draining (12)
 Y - a wand of cold (1)
Scrolls
 e - a scroll of summoning
 h - 10 scrolls of teleportation
 t - 10 scrolls of fear
 E - 11 scrolls of remove curse
 F - 7 scrolls of magic mapping
 K - 2 scrolls of recharging
 O - 3 scrolls of fog
Potions
 c - 5 potions of might
 g - 5 potions of agility
 m - 8 potions of curing
 r - 3 potions of resistance
 w - 3 potions of magic
 x - 3 potions of flight
 J - 2 potions of brilliance
 M - a potion of cancellation
 Z - 2 potions of haste
Books
 i - a book of Envenomations

   Spells                             Type                      Level
   a - Spider Form                    Transmutation/Poison         3
   b - Alistair's Intoxication        Transmutation/Poison         4
   c - Olgreb's Toxic Radiance        Poison                       4
   d - Poisonous Cloud                Conjuration/Poison/Air       6
 S - a Young Poisoner's Handbook

   Spells                             Type                      Level
   a - Sting                          Conjuration/Poison           1
   b - Cure Poison                    Poison                       2
   c - Mephitic Cloud                 Conjuration/Poison/Air       3
   d - Olgreb's Toxic Radiance        Poison                       4
   e - Venom Bolt                     Conjuration/Poison           5
Miscellaneous
 L - a fan of gales
Comestibles
 b - 16 meat rations
 k - 4 royal jellies
 s - 4 slices of pizza
 G - 11 beef jerkies


   Skills:
 - Level 11.6 Fighting
 - Level 4.2 Throwing
 - Level 12.4 Armour
 - Level 5.9 Dodging
 - Level 6.7 Stealth
 + Level 14.0 Shields
 - Level 20.9 Unarmed Combat
 - Level 6.9 Charms
 - Level 6.7 Necromancy
 - Level 13.7 Invocations
 - Level 9.0 Evocations


You had 16 spell levels left.
You knew the following spells:

 Your Spells              Type           Power        Failure   Level  Hunger
a - Regeneration          Chrm/Necr      #.........   80%         3    ####...


Dungeon Overview and Level Annotations

Branches:
Dungeon (15/15)            Temple (1/1) D:6            Lair (8/8) D:8
  Swamp (4/4) Lair:3       Spider (4/4) Lair:4        Slime (0/6) Lair:8
    Orc (4/4) D:10            Elf (0/3) Orc:4        Vaults (3/5) D:13
  Crypt (0/3) Vaults:2     Depths (2/5) D:15

Altars:
Ashenzari
Cheibriados
Dithmenos
Elyvilon
Fedhas
Gozag
Kikubaaqudgha
Makhleb
Nemelex Xobeh
Okawaru
Qazlal
Ru
Sif Muna
Trog
Vehumet
Xom
Yredelemnul
Zin
The Shining One
Jiyva

Shops:
D:13 :   Orc:4 [:(?   Depths:1 (

Portals:
Hell: Depths:1 Depths:2
Abyss: Depths:1
Ziggurat: Depths:1

Annotations:
D:15 Rupert
Lair:3 Gastronok
Vaults:2 Sojobo
Vaults:3 Avack's ghost, mighty GrMo


Innate Abilities, Weirdness & Mutations

Your body is rotting away.
You thrive on raw meat.
You are immune to poison.
You have sharp fingernails.
You are carnivorous and can eat meat at any time.
Your flesh is cold resistant.
You are immune to negative energy.
You heal slowly when monsters are visible.
You are immune to unholy pain and torment.
You can survive without breathing.


Message History

You block the octopode crusher's attack.
You block the ettin's attack. The ettin hits you!!
* * * LOW HITPOINT WARNING * * *
The vampire knight blinks!
Drink which item? (? for menu, Esc to quit)
You feel better. You block the water elemental's attack.
The entropy weaver begins to chant a word of entropy!
You block the octopode crusher's attack.
The octopode crusher grabs you.
* * * LOW HITPOINT WARNING * * *
The octopode crusher constricts you! You block the ettin's attack.
The ettin closely misses you.
Use which ability? (? or * to list)
You fade into invisibility!
You are very lightly contaminated with residual magic.
You feel somewhat more hungry. You block the vampire knight's attack.
You block the vampire knight's attack. You block the water elemental's attack.
The octopode crusher tentacle-slaps you!
* * * LOW HITPOINT WARNING * * *
You die...

#.## #.# ♣♣≈≈≈≈≈≈≈♣♣
#.######'#♣♣≈≈♣≈≈≈♣≈≈♣♣
..##..<..#♣≈≈≈≈p%C≈≈≈≈♣#
..##.....#≈≈≈≈≈.♣.≈≈≈≈≈#
..##.....#♣≈≈≈≈...≈≈≈≈♣#
..##..[..#♣♣≈≈♣≈≈≈♣≈≈♣♣
.))'.....# ♣♣≈≈≈E≈≈≈♣♣
..##.....# ♣♣FECx≈♣♣
####.....# ♣♣≈@≈♣♣ #
#.....# ♣♣V♣♣ #
#.....#### ##'# #
#......#)###..# #
####......##.## #
#......'..# #
#......##.########.##. #
#.....[##............. #
#......##.####.######


You could see an octopode crusher, a stone giant, a vampire knight, an entropy
weaver, an ettin, 2 water elementals and a giant frog.

Vanquished Creatures
  Frederick (Vaults:2)
  Arachne (Spider:2)
  A lich (Depths:2)
  Jorgrun (D:13)
  An Ice Fiend (IceCv)
  A sphinx (Depths:1)
  7 thorn hunters
  A shadow dragon (D:13)
  A tengu reaver (Vaults:2)
  A vault warden (Vaults:3)
  A fire giant (Vaults:1)
  A frost giant (Depths:2)
  A deep elf sorcerer (Vaults:3)
  3 emperor scorpions (Spider:4)
  3 ghost moths (Spider:4)
  4 ironheart preservers
  5 very ugly things
  4 rakshasas
  3 stone giants
  A deep elf demonologist (Vaults:3)
  Snorg (D:9)
  5 fire dragons
  An ettin (Depths:2)
  A deep elf death mage (Vaults:2)
  The ghost of 4thArraOfDagon the Grappler, a powerful TrHu of Cheibriados (D:13)
  Josephine (Orc:4)
  A jiangshi (Vaults:2)
  16 ogre magi
  2 entropy weavers
  A great orb of eyes (Vaults:3)
  14 hydras
  5 yaktaur captains
  A salamander stormcaller (D:15)
  Erica (D:9)
  10 centaur warriors
  A ghost crab (Swamp:4)
  3 ice dragons
  3 alligators
  2 hell hogs (Depths:2)
  A small abomination (Vaults:2)
  2 tengu warriors
  A vampire mage (Depths:2)
  A deep troll shaman (Depths:2)
  3 deep troll earth magi
  Sonja (Orc:3)
  3 wizards
  A fire crab (Vaults:1)
  An iron troll (D:13)
  A fire crab (shapeshifter) (Vaults:2)
  2 shadow wraiths (Vaults:1)
  2 shambling mangroves
  4 hill giants
  5 deep trolls
  2 spectral hydras (Swamp:4)
  A giant orange brain (Depths:2)
  5 spriggan druids
  A deep elf summoner (Vaults:3)
  2 necromancers
  An unseen horror (D:13)
  An ice statue (IceCv)
  2 swamp dragons
  7 orc knights
  A phantasmal warrior (Swamp:4)
  4 ironbrand convokers
  5 ice devils
  3 orc sorcerers
  An orb spider (shapeshifter) (D:13)
  7 cyclopes
  11 hornets
  4 ugly things
  An oklob plant (D:10)
  The ghost of nago the Tormented, an experienced HONe of Kikubaaqudgha (D:6)
  A manticore (D:13)
  18 orb spiders
  29 wolf spiders
  A stone giant zombie (Depths:2)
  3 griffons
  29 elephants
  A moth of wrath (Spider:4)
  3 centaur zombies
  7 vault sentinels
  5 black mambas
  Joseph (D:9)
  5 torpor snails
  Psyche (D:9)
  A smoke demon (D:15)
  A tormentor (Swamp:3)
  An efreet (D:12)
  4 gargoyles
  32 spiny frogs
  6 demonic crawlers
  2 anaconda simulacra (IceCv)
  3 komodo dragons
  4 swamp worm zombies (Swamp:4)
  16 yaktaurs
  A komodo dragon (shapeshifter) (Vaults:2)
  2 deep elf priests
  A fire drake (Lair:1)
  A merfolk (shapeshifter) (Vaults:2)
  4 hydra zombies (Swamp:4)
  5 freezing wraiths
  7 trolls
  A tengu conjurer (D:15)
  5 polar bears
  27 jumping spiders
  A wolf spider simulacrum (IceCv)
  7 bog bodies
  Prince Ribbit (D:9)
  A raiju (shapeshifter) (Vaults:3)
  11 giant leeches
  2 wind drakes (shapeshifter) (D:13)
  8 ravens
  A boulder beetle (Spider:4)
  27 slime creatures
  5 spectral swamp dragons (Swamp:4)
  A minotaur skeleton (Volcano)
  2 alligator zombies (Swamp:4)
  25 blink frogs
  A fire giant simulacrum (Depths:2)
  2 flying skulls (Volcano)
  2 shadows
  2 centaur simulacra
  5 spriggans
  21 tarantellas
  Sigmund (D:5)
  40 two-headed ogres
  37 redbacks
  5 deep elf magi
  40 yaks
  5 water elementals
  8 wraiths
  2 basilisks
  6 humans (D:7)
  3 vampires
  21 trapdoor spiders
  A deep elf fighter (Vaults:2)
  26 vampire mosquitoes
  Eustachio (D:5)
  5 hungry ghosts
  2 dire elephant simulacra (IceCv)
  3 wyverns
  11 hippogriffs
  A warg (Vaults:2)
  Menkaure (Volcano)
  An iron troll simulacrum (IceCv)
  A spectral spiny frog (Swamp:4)
  A soldier ant (shapeshifter) (D:15)
  19 swamp worms
  Edmund (D:5)
  7 hell hounds (Depths:2)
  2 death yak simulacra (IceCv)
  15 insubstantial wisps
  5 hydra simulacra (IceCv)
  10 wolves
  4 harpy simulacra (IceCv)
  12 water moccasins
  10 swamp drakes
  3 mottled dragons
  4 porcupines
  2 alligator simulacra (IceCv)
  A sky beast (D:12)
  A merfolk skeleton (Volcano)
  7 phantoms
  26 orc warriors
  3 soldier ants
  An ettin simulacrum (IceCv)
  14 spiders
  8 wasps
  A necrophage (D:11)
  17 ice beasts
  70 ogres
  25 centaurs
  2 swamp dragon zombies (Swamp:4)
  2 manticore skeletons (Volcano)
  A big kobold (D:12)
  An eye of draining (D:12)
  3 boggarts (D:15)
  16 crocodiles
  A brain worm (D:11)
  31 giant frogs
  A scorpion (D:6)
  2 troll zombies (D:10)
  An elephant simulacrum (IceCv)
  8 wights
  7 electric eels
  A troll skeleton (Volcano)
  12 killer bees
  12 crimson imps
  20 orc priests
  3 giant frog zombies
  The ghost of projectmayhem the Stinger, a weakling SpVM (D:3)
  4 jellies
  3 draconian simulacra (IceCv)
  2 quasits
  A giant frog skeleton (D:12)
  4 centaur skeletons
  10 hounds
  30 orc wizards
  8 iguanas
  2 spriggan simulacra
  7 worker ants
  3 hell rats (Lair:6)
  A wolf simulacrum (IceCv)
  4 troll simulacra (IceCv)
  28 sheep
  4 ogre zombies (D:10)
  A wasp simulacrum (D:13)
  A naga skeleton (Volcano)
  A hound zombie (D:11)
  3 gnolls (D:3)
  A worker ant zombie (D:11)
  A swamp drake zombie (Swamp:4)
  11 adders
  41 river rats
  4 naga simulacra (IceCv)
  3 ogre simulacra (IceCv)
  12 white imps
  4 shadow imps
  10 ufetubi
  An adder skeleton (D:5)
  A worm (D:3)
  7 giant geckos
  155 orcs
  A bat skeleton (D:6)
  17 hobgoblins
  6 jackals
  7 quokkas
  A ball python (D:2)
  17 bats
  6 giant cockroaches
  A giant gecko zombie (D:8)
  9 giant newts
  23 goblins
  2 goblin skeletons (D:10)
  5 goblin zombies (D:10)
  A hobgoblin skeleton (D:10)
  2 hobgoblin zombies (D:10)
  2 jackal skeletons (D:4)
  9 kobolds
  3 orc skeletons (D:10)
  6 orc zombies (D:10)
  4 quokka zombies
  35 rats
1693 creatures vanquished.

Vanquished Creatures (collateral kills)
  Norris (Vaults:2)
  Nikola (Spider:3)
  A bone dragon (Swamp:4)
  The ghost of DEFE the Peltast, a mighty FoFi of Okawaru (Swamp:1)
  2 vault wardens (Vaults:1)
  An ironheart preserver (Vaults:2)
  2 hydras
  A deep elf knight (Vaults:1)
  A phantasmal warrior (Swamp:4)
  An ironbrand convoker (Vaults:1)
  A cyclops (Vaults:2)
  A griffon (Lair:6)
  An elephant (Lair:6)
  A vault sentinel (Vaults:1)
  A komodo dragon (Lair:3)
  A jumping spider (Spider:3)
  A yaktaur (Vaults:1)
  A slime creature (Vaults:1)
  A deep elf fighter (Vaults:2)
  An insubstantial wisp (Swamp:4)
  A spider (Spider:3)
  A swamp dragon zombie (Swamp:4)
  A phantom (Swamp:4)
25 creatures vanquished.

Vanquished Creatures (others)
  2 Executioners
  A balrug (Vaults:2)
  An ettin (Depths:1)
  A salamander stormcaller (Vaults:2)
  A centaur warrior (Depths:1)
  A shambling mangrove (Swamp:4)
  A wizard (D:12)
  2 orb spiders (Spider:4)
  2 air elementals (Vaults:2)
  4 orange demons
  2 smoke demons
  A jumping spider (Spider:4)
  2 hellwings (D:15)
  2 fire vortices (Vaults:2)
  3 ravens (Swamp:4)
  2 blink frogs (Swamp:4)
  2 redbacks
  A ynoxinul (D:15)
  A spriggan (Swamp:4)
  3 trapdoor spiders
  A neqoxec (Lair:6)
  An insubstantial wisp (Swamp:4)
  A wasp (Swamp:4)
  A wight (D:13)
  An orc wizard (Orc:4)
  An orc (Vaults:1)
  A bush (Lair:8)
  10 fungi
  12 plants
64 creatures vanquished.

Grand Total: 1782 creatures vanquished

Notes
Turn   | Place    | Note
--------------------------------------------------------------
     0 | D:1      | wotan the Ghoul Monk began the quest for the Orb.
     0 | D:1      | Reached XP level 1. HP: 19/19 MP: 0/0
    45 | D:1      | Reached XP level 2. HP: 23/26 MP: 1/1
   526 | D:1      | Reached XP level 3. HP: 30/30 MP: 2/2
   822 | D:2      | Reached skill level 5 in Unarmed Combat
  1032 | D:2      | Reached XP level 4. HP: 25/39 MP: 3/3
  1133 | D:2      | Found a deep blue altar of Sif Muna.
  1613 | D:3      | Noticed projectmayhem's ghost (weakling SpVM)
  1633 | D:3      | Killed projectmayhem's ghost
  1633 | D:3      | Reached XP level 5. HP: 40/44 MP: 4/4
  2218 | D:4      | Reached skill level 1 in Armour
  2358 | D:4      | Reached skill level 6 in Unarmed Combat
  2358 | D:4      | Reached XP level 6. HP: 49/51 MP: 5/5
  2428 | D:4      | Noticed a centaur
  2441 | D:4      | Killed a centaur
  2502 | D:4      | Found a white marble altar of Elyvilon.
  2527 | D:4      | Reached skill level 7 in Unarmed Combat
  2723 | D:5      | Entered Level 5 of the Dungeon
  2831 | D:5      | Noticed Edmund
  2874 | D:6      | Noticed nago's ghost (experienced HONe)
  2884 | D:5      | Reached XP level 7. HP: 48/57 MP: 6/6
  3093 | D:5      | Reached skill level 8 in Unarmed Combat
  3106 | D:5      | Noticed Sigmund
  3184 | D:7      | Noticed a human
  3190 | D:7      | Noticed a spriggan baker
  3195 | D:7      | Killed a spriggan baker
  3195 | D:7      | Reached skill level 9 in Unarmed Combat
  3210 | D:7      | Killed a human
  3210 | D:7      | Reached XP level 8. HP: 54/66 MP: 7/7
  3246 | D:6      | Killed nago's ghost
  3246 | D:6      | Reached skill level 11 in Unarmed Combat
  3387 | D:6      | Found a bloodstained altar of Trog.
  3446 | D:6      | Reached skill level 5 in Fighting
  3489 | D:6      | Reached XP level 9. HP: 72/75 MP: 8/8
  3640 | D:6      | Noticed a hippogriff
  3649 | D:6      | Killed a hippogriff
  3798 | D:6      | Found a glowing golden altar of the Shining One.
  3798 | D:6      | Found a shattered altar of Ashenzari.
  3851 | D:6      | Found a staircase to the Ecumenical Temple.
  3859 | Temple   | Entered the Ecumenical Temple
  4061 | Temple   | Became a worshipper of Makhleb the Destroyer
  4061 | Temple   | Acquired Makhleb's first power
  4061 | Temple   | Acquired Makhleb's second power
  4187 | D:6      | Reached skill level 1 in Invocations
  4333 | D:5      | Killed Sigmund
  4415 | D:5      | Noticed Eustachio
  4455 | D:5      | Killed Eustachio
  4504 | D:5      | Killed Edmund
  4511 | D:5      | Found a sparkling altar of Nemelex Xobeh.
  4814 | D:7      | Reached skill level 5 in Invocations
  4842 | D:7      | Noticed a hungry ghost
  4856 | D:7      | Killed a hungry ghost
  4998 | D:7      | Noticed a human
  5000 | D:7      | Noticed a human
  5016 | D:7      | Killed a human
  5113 | D:7      | Noticed a human
  5146 | D:7      | Killed a human
  5146 | D:7      | Reached XP level 10. HP: 53/88 MP: 14/14
  5161 | D:7      | Killed a human
  5162 | D:7      | Noticed a human
  5180 | D:7      | Killed a human
  5242 | D:7      | Acquired Makhleb's third power
  5266 | D:7      | Noticed a human
  5272 | D:7      | Killed a human
  5638 | D:8      | Found a shimmering altar of Xom.
  5765 | D:8      | Found a staircase to the Lair.
  6065 | D:8      | You fall through a shaft!
  6086 | D:9      | Noticed Joseph
  6110 | D:9      | Killed Joseph
  6110 | D:9      | Reached skill level 5 in Armour
  6427 | Lair:1   | Entered Level 1 of the Lair of Beasts
  6490 | Lair:1   | Acquired Makhleb's fourth power
  6747 | Lair:1   | Reached XP level 11. HP: 89/95 MP: 16/16
  7408 | Lair:2   | Reached skill level 10 in Fighting
  7945 | Lair:3   | Noticed a six-headed hydra
  8027 | Lair:3   | Killed a six-headed hydra
  8403 | Lair:3   | Noticed Gastronok
  8734 | Lair:3   | Found a staircase to the Swamp.
  8758 | Lair:3   | Acquired Makhleb's fifth power
  8893 | Lair:3   | You fall through a shaft for 3 floors!
  8896 | Lair:6   | Noticed an eight-headed hydra
  8905 | Lair:6   | Killed an eight-headed hydra
  8989 | Lair:6   | Reached XP level 12. HP: 67/110 MP: 17/17
  8996 | Lair:6   | Reached skill level 10 in Armour
  9058 | Lair:6   | Noticed a seven-headed hydra
  9770 | Lair:3   | Reached skill level 5 in Stealth
 10522 | Lair:4   | Found a hole to the Spider Nest.
 10885 | Lair:5   | Reached skill level 10 in Invocations
 11439 | Lair:6   | Noticed a four-headed hydra
 11450 | Lair:6   | Killed a four-headed hydra
 11450 | Lair:6   | Reached XP level 13. HP: 116/116 MP: 20/20
 11461 | Lair:6   | Noticed a five-headed hydra
 11475 | Lair:6   | Killed a five-headed hydra
 11527 | Lair:6   | Reached skill level 12 in Unarmed Combat
 11689 | Lair:6   | Killed a seven-headed hydra
 12374 | Lair:7   | Reached skill level 13 in Unarmed Combat
 12790 | Lair:7   | Reached skill level 14 in Unarmed Combat
 13304 | Lair:8   | Entered Level 8 of the Lair of Beasts
 13407 | Lair:8   | Found a dark tunnel.
 13423 | Volcano  | Entered a volcano
 13598 | Volcano  | Noticed Menkaure
 13602 | Volcano  | Killed Menkaure
 13832 | Lair:8   | wotan: voy a tener que usar mas eso del haste, que está bien xD
 13984 | Lair:8   | quik: haste es la caña
 13985 | Lair:8   | Reached skill level 15 in Unarmed Combat
 14006 | Lair:8   | quik: la wand of haste que tienes igual es el mejor item del juego
 14007 | Lair:8   | quik: xD
 14021 | Lair:8   | wotan: ahm
 14021 | Lair:8   | wotan: pues a usarla!
 14054 | Lair:8   | Reached skill level 1 in Evocations
 14123 | Lair:8   | Reached XP level 14. HP: 124/124 MP: 21/21
 14385 | Lair:8   | Reached skill level 5 in Evocations
 14392 | Lair:8   | quik: y no metiste lo del daño?
 14443 | Lair:8   | wotan: anda, no me acorde
 14446 | Lair:8   | quik: hah
 14446 | Lair:8   | quik: haha
 14449 | Lair:8   | wotan: bueno,a ver si cuando salgo me acuerdo
 14701 | Lair:8   | quik: y eres makhleb!
 14712 | Lair:8   | quik: pudiste haber sacado un greater summon en el volcano
 14712 | Lair:8   | quik: se follaba todo lo que habia alli fijo
 14712 | Lair:8   | quik: xD
 14712 | Lair:8   | wotan: ah, pues si xD
 14724 | Lair:8   | wotan: lo que pasa que yo claro, nunca lo veo tan negro como para reucurrir a eso xDDD
 14742 | Lair:8   | quik: XD
 14758 | Lair:8   | Found a staircase to the Slime Pits.
 14758 | Lair:8   | Found a viscous altar of Jiyva.
 14759 | Lair:8   | quik: por ejemplo, esta batalla acaba de ser negra
 14765 | Lair:8   | quik: y ni te lo has planteado, me da la impresion :D
 14765 | Lair:8   | wotan: mima
 14765 | Lair:8   | wotan: nada, para mi esto es el dia a dia
 14789 | Lair:8   | quik: xDDD
 14814 | Lair:8   | quik: imaginate que ese mosquito que acaba de aparecer fuera una hydra de 8 cabezas
 14822 | Lair:8   | wotan: xD
 14822 | Lair:8   | quik: y ahora imaginate que esta es la batalla anterior donde estabas al 60% de vida
 14822 | Lair:8   | quik: ahi esta el negro
 14822 | Lair:8   | quik: xD
 14827 | Lair:8   | wotan: ya, pues si
 15029 | Lair:8   | quik: percal gordo
 15030 | Lair:8   | quik: probablemente
 15039 | Lair:8   | quik: curioso
 15039 | Lair:8   | quik: te pegan menos los elefantes que las spiny frogs
 15039 | Lair:8   | quik: sera rng ?
 15039 | Lair:8   | quik: xD
 15039 | Lair:8   | wotan: xD
 15039 | Lair:8   | wotan: es que las spiny frogs me tienen cruzado
 15039 | Lair:8   | wotan: por eso te preguntaba lo de si por jugar unarmed me pinchaban las manos xD
 15039 | Lair:8   | quik: jajaja
 15039 | Lair:8   | wotan: pero es algo desproporcionado
 15042 | Lair:8   | quik: a ver, voy a mirar los numeros
 15094 | Lair:8   | quik: ah, pues si, meten mas las frogs que los elefantes
 15094 | Lair:8   | wotan: ah ok xD
 15193 | Lair:8   | Reached skill level 5 in Dodging
 15196 | Lair:8   | quik: las spiny frog meten 26 + 14-28 de veneno (no se te aplica como ghoul)
 15220 | Lair:8   | quik: los elefantes meten 20 cuando hacen trample y 5 las otras veces
 15220 | Lair:8   | quik: me parece muy poco, no se xD
 15220 | Lair:8   | wotan: ahm
 15220 | Lair:8   | quik: tambien el elefante tiene el doble de vida, mas o menos
 15220 | Lair:8   | wotan: y vienen en manadas
 15220 | Lair:8   | quik: entonces igual por eso se nota tambien jodido
 15220 | Lair:8   | quik: si
 15608 | Lair:3   | wotan: lair done!
 15608 | Lair:3   | wotan: que miedo esa babosa
 15608 | Lair:3   | quik: oeoeoeoe
 15621 | Lair:3   | quik: es lenta pero tiene spells jodidos
 15642 | Lair:2   | wotan: pues la dejamos que practique
 15784 | D:8      | quik: XD
 15795 | D:8      | quik: y usas blowguns y poison needles alguna vez?
 15801 | D:9      | Noticed Erica
 15802 | D:9      | wotan: non
 15807 | D:9      | Killed Erica
 15811 | D:9      | quik: pues son cojonudas sin skill ni n
 15811 | D:9      | quik: na
 15811 | D:9      | quik: disparas hasta que le das dos veces al bicho y luego lo paseas
 15811 | D:9      | quik: y ya va muriendo por el veneno el solo
 15863 | D:9      | wotan: ahm xD
 15863 | D:9      | wotan: pues probaré
 15918 | D:9      | Noticed Prince Ribbit
 15994 | D:9      | Noticed Psyche
 16004 | D:9      | Killed Psyche
 16061 | D:9      | Killed Prince Ribbit
 16240 | D:9      | wotan: hay algo que se pueda hacer con prince ribbit ademas de matarlo?
 16240 | D:9      | wotan: porque parece que se hace humano en el ultimo suspiro
 16244 | D:9      | quik: nada que yo sepa
 16314 | D:9      | quik: supongo que es simplemente flavor
 16319 | D:9      | Identified the Handbook of Dark Arts (You found it on level 9 of the Dungeon)
 16412 | D:9      | quik: puedes aprender regeneration
 16413 | D:10     | Entered Level 10 of the Dungeon
 16414 | D:10     | quik: es un hechizo interesante
 16416 | D:9      | wotan: ok
 16420 | D:9      | Learned a level 3 spell: Regeneration
 16420 | D:9      | quik: algun libro mas te ha salido?
 16420 | D:9      | wotan: uno que no puedo leer
 16420 | D:9      | wotan: no le da la olla al ghoul
 16420 | D:9      | quik: jajaja ese nada, seran hechizos de nivel alto
 16420 | D:9      | quik: necro y charms
 16434 | D:10     | Reached skill level 1 in Necromancy
 16440 | D:10     | Noticed Snorg
 16443 | D:10     | wotan: este es el berserk!
 16443 | D:10     | quik: jajaja
 16443 | D:10     | wotan: ahora va a ver
 16443 | D:10     | quik: pues aplica opciones ahora
 16443 | D:10     | quik: antes de empezar el combate
 16443 | D:10     | wotan: un ac primero asi de regalo
 16444 | D:10     | quik: yo me bufaria
 16444 | D:10     | quik: XD
 16444 | D:10     | quik: eso acaba de salir no muy bien jajaja
 16444 | D:10     | quik: y has despertado a media mazmorra
 16444 | D:10     | wotan: maldito makhleb
 16444 | D:10     | quik: por los gritos que se oyen
 16444 | D:10     | wotan: xD
 16444 | D:10     | wotan: might entonces?
 16444 | D:10     | quik: vale
 16447 | D:10     | quik: ahora es mejor subir arriba
 16447 | D:10     | quik: que luchar contra dos
 16454 | D:9      | quik: y ahi es mejor subir solo y curarse
 16454 | D:9      | quik: que seguir una batalla con un 60% de vida
 16454 | D:9      | wotan: me hasteo?
 16454 | D:9      | quik: si
 16459 | D:9      | quik: pero ojo
 16459 | D:9      | quik: berserker da velocidad, no sé quien de los dos sois mas rapido
 16459 | D:9      | quik: xD
 16459 | D:9      | wotan: ah vale
 16459 | D:9      | wotan: pues le pego un poco a ver
 16462 | D:9      | Killed Snorg
 16463 | D:9      | wotan: lorolololrolo!
 16463 | D:9      | quik: XD
 16484 | D:10     | quik: el tema es que el juego optimo es infinitamente mas conservador
 16709 | D:10     | Found a shimmering altar of Xom.
 16842 | D:10     | quik: tienes que subir charms tambien
 16876 | D:10     | Found a staircase to the Orcish Mines.
 17191 | D:10     | wotan: que hago primero, bjar al 15 o las orc mines?
 17191 | D:10     | quik: orc mines, creo
 17201 | D:10     | quik: Lair -> D:12 -> Orc -> D:15 -> S:3 -> maybe other S:3 -> get rune -> Vaults:4 -> maybe get second rune -> Depths:5 -> get three runes -> Zot
 17206 | D:10     | Reached skill level 1 in Charms
 17216 | D:10     | quik: hyperelliptic dice que D:12 y luego orc
 17216 | D:10     | quik: xD
 17218 | D:10     | wotan: pues 12 then
 18051 | D:12     | quik: snorg en mi partida
 18051 | D:12     | quik: xD
 18051 | D:12     | wotan: xD
 18126 | D:12     | quik: cayo facil con veneno
 18126 | D:12     | quik: no llegó a berserkearse
 18267 | D:12     | Reached skill level 5 in Charms
 18700 | D:12     | Reached XP level 15. HP: 130/130 MP: 22/22
 18783 | D:12     | Reached skill level 5 in Necromancy
 19039 | D:12     | Found a bloodstained altar of Trog.
 19559 | Orc:1    | Entered Level 1 of the Orcish Mines
 20879 | Orc:3    | You fall through a shaft!
 20879 | Orc:4    | Entered Level 4 of the Orcish Mines
 20881 | Orc:4    | Noticed Josephine
 21505 | Orc:3    | Noticed Sonja
 21535 | Orc:3    | Killed Sonja
 21536 | Orc:3    | quik: un 30% o asi te llega para regen
 21539 | Orc:3    | quik: 97??
 21539 | Orc:3    | quik: wtf
 21539 | Orc:3    | wotan: pues me queda un cacho! xD
 21539 | Orc:3    | quik: arre coño
 21653 | Orc:3    | quik: que armadura llevas?
 21653 | Orc:3    | wotan: chain mail
 21657 | Orc:3    | quik: pues no se por que tarda tanto en bajar
 21660 | Orc:3    | quik: si eso pon otra cosa
 21660 | Orc:3    | quik: deja los spells paluego
 21660 | Orc:3    | wotan: ok
 21660 | Orc:3    | quik: yo aun estoy empezando a aprender esas cosas
 21660 | Orc:3    | quik: se ve que me faltan factores o algo xD
 21660 | Orc:3    | wotan: xD
 21660 | Orc:3    | wotan: subo un poco hexes a ver
 21673 | Orc:4    | quik: no se yo, si con 6 niveles casi de cada bajo un 3%...
 21673 | Orc:4    | quik: es de locos xD
 21686 | Orc:4    | quik: ah
 21689 | Orc:4    | quik: tienes 6 de inteligencia
 21689 | Orc:4    | quik: olvidate
 21689 | Orc:4    | quik: eres muy lerdo
 21689 | Orc:4    | quik: apologies
 21689 | Orc:4    | wotan: xD
 21689 | Orc:4    | wotan: bueno, aun puedo encontrar algo que me de inteliencia
 21689 | Orc:4    | quik: yo con 16 de int, robe, y 4 en charms y necro lo tengo al 14&
 21698 | Orc:4    | wotan: buf, pues si que cuesta
 21753 | Orc:4    | Killed Josephine
 21913 | Orc:4    | Found a staircase to the Elven Halls.
 22180 | Orc:4    | Found Oxzeuja's Book Shoppe.
 22180 | Orc:4    | Found Naapp's Magic Scroll Boutique.
 22180 | Orc:4    | Found Yfesis's Antique Armour Shop.
 22180 | Orc:4    | Found Anijam's Weapon Shoppe.
 22781 | Orc:4    | Bought a twisted chain mail for 323 gold pieces
 22793 | Orc:4    | Identified the +6 chain mail of Resilience {+Blink rPois} (You bought it in a shop on level 4 of the Orcish Mines)
 22794 | Orc:4    | Bought a warped chain mail for 323 gold pieces
 22804 | Orc:4    | Identified the +1 chain mail "Ceim" {rPois} (You bought it in a shop on level 4 of the Orcish Mines)
 23037 | D:13     | Reached skill level 16 in Unarmed Combat
 23044 | D:13     | Noticed 4thArraOfDagon's ghost (powerful TrHu)
 23061 | D:13     | Killed 4thArraOfDagon's ghost
 23383 | D:13     | Found a gate to the Vaults.
 23532 | D:13     | Found Quuptour's Book Emporium.
 24373 | D:14     | You fall through a shaft!
 24373 | D:15     | Entered Level 15 of the Dungeon
 24479 | D:15     | Reached skill level 1 in Shields
 24851 | D:15     | Reached XP level 16. HP: 109/136 MP: 23/23
 24928 | D:15     | Noticed Rupert
 25497 | D:15     | Found a staircase to the Depths.
 25640 | D:15     | Reached skill level 5 in Shields
 26215 | Swamp:1  | Entered Level 1 of the Swamp
 26305 | Swamp:1  | Noticed a thorn hunter
 26317 | Swamp:1  | Killed a thorn hunter
 26357 | Swamp:1  | Noticed DEFE's ghost (mighty FoFi)
 26454 | Swamp:2  | Found a frozen archway.
 26500 | Swamp:2  | Reached skill level 17 in Unarmed Combat
 26573 | IceCv    | Entered an ice cave
 26725 | IceCv    | Identified a scroll of acquirement
 26955 | IceCv    | quik: me traslado a la cama, brb
 27126 | IceCv    | quik: alo presidente!
 27126 | IceCv    | wotan: te vas un momento y la lio!
 27126 | IceCv    | quik: xDD
 27307 | IceCv    | Noticed an Ice Fiend
 27308 | IceCv    | quik: ojo
 27308 | IceCv    | quik: marchate
 27308 | IceCv    | quik: XDD
 27308 | IceCv    | quik: ice fiend es un bicho de la hostia
 27308 | IceCv    | wotan: ah ok
 27319 | IceCv    | quik: bueno, un 1v1 podemos pensarlo
 27328 | IceCv    | quik: si te sigue hasta cerca de la salida miramos
 27328 | IceCv    | quik: xD
 27328 | IceCv    | wotan: ok xD
 27351 | IceCv    | quik: uf, el agua es una putada
 27351 | IceCv    | quik: xD
 27362 | IceCv    | quik: el tema es el tormento
 27362 | IceCv    | quik: o eres immune?
 27362 | IceCv    | wotan: i think so
 27362 | IceCv    | quik: mira en A
 27362 | IceCv    | wotan: por lo menos cuando leo los scrolls de tormento me sientan como agua de verano
 27362 | IceCv    | quik: immune
 27362 | IceCv    | quik: dios que bueno es el ghoul
 27362 | IceCv    | quik: pues entonces creo que la puedes matar
 27362 | IceCv    | quik: hasteate
 27363 | IceCv    | quik: tienes wand of fire?
 27363 | IceCv    | wotan: yes
 27363 | IceCv    | wotan: y de fireball
 27363 | IceCv    | quik: pues dale
 27363 | IceCv    | wotan: tengo un intruso delante
 27363 | IceCv    | quik: ahora fire, que fireball te estalla en el primer bicho y te da a ti
 27363 | IceCv    | quik: la wand atraviesa
 27363 | IceCv    | wotan: ah ok
 27364 | IceCv    | quik: hasta que se ponga a melee
 27367 | IceCv    | quik: ahora pegale
 27367 | IceCv    | quik: a ver que tal
 27371 | IceCv    | quik: parece que bien
 27374 | IceCv    | Killed an Ice Fiend
 27378 | IceCv    | quik: oeoeoee
 27378 | IceCv    | wotan: success!
 27378 | IceCv    | quik: sobrereaccione en esta
 27378 | IceCv    | quik: apologies
 27378 | IceCv    | wotan: un solomillo para celebrarlo
 27378 | IceCv    | quik: jajaja
 27381 | IceCv    | wotan: xD
 27381 | IceCv    | wotan: bueno, mejor asi
 27419 | IceCv    | quik: I think so!
 27972 | Swamp:2  | Noticed a thorn hunter
 27980 | Swamp:2  | Killed a thorn hunter
 28222 | Swamp:2  | wotan: swamp 2!
 28222 | Swamp:2  | wotan: ahora iban las spiders, no?
 28222 | Swamp:2  | quik: gogogogo
 28222 | Swamp:2  | quik: no, era swamp 1:3
 28222 | Swamp:2  | quik: luego spider 1:3
 28222 | Swamp:2  | wotan: ah ok
 28222 | Swamp:2  | wotan: son muy dificiles los siguientes de swamp¿
 28222 | Swamp:2  | quik: en general los n primeros niveles de una zona son todos parecidos
 28222 | Swamp:2  | quik: el unico dificil es el ultimo
 28222 | Swamp:2  | quik: porque siempre tienen una vault
 28222 | Swamp:2  | wotan: ah ok
 28222 | Swamp:2  | wotan: cierto, ya me lo contaste
 28222 | Swamp:2  | quik: oeoeoe
 28482 | Swamp:3  | Found a shattered altar of Ashenzari.
 28514 | Swamp:3  | wotan: bueno, muy bien todo
 28514 | Swamp:3  | wotan: ahora si que marcho! xD
 28514 | Swamp:3  | quik: boas noites!
 29036 | Swamp:1  | Noticed a thorn hunter
 29057 | Swamp:2  | Killed a thorn hunter
 29329 | Swamp:1  | quik: go go power rangers
 29329 | Swamp:1  | wotan: gogogo!
 29372 | Swamp:1  | quik: bueno, la verdad es que un tormentor on its own tampoco es mucha cosa
 29372 | Swamp:1  | quik: jode mas cuando estas con mas bichos y te tira un tormento que te saca media vida
 29372 | Swamp:1  | quik: xD
 29382 | Swamp:1  | wotan: escaparé de el otra vez, no?
 29382 | Swamp:1  | quik: este es el mismo de ayer?
 29382 | Swamp:1  | wotan: si
 29382 | Swamp:1  | quik: pues si, supongo que si, lo que pasa que bajar ahi, como haya lio abajo igual tienes un problema
 29382 | Swamp:1  | quik: siempre puedes subir y leer teleport
 29382 | Swamp:1  | wotan: abajo está cleared
 29382 | Swamp:1  | quik: ah vale
 29382 | Swamp:1  | quik: entonces facil
 29382 | Swamp:1  | wotan: solo estoy intentando volver a la salida xD
 29382 | Swamp:1  | quik: si, pues baja
 29382 | Swamp:1  | quik: y sube por otra
 29382 | Swamp:1  | wotan: pero siempre me aparece el ghost este
 29382 | Swamp:1  | quik: jaja que molesto
 29485 | Swamp:1  | Noticed a thorn hunter
 29493 | Swamp:1  | Killed a thorn hunter
 29699 | Lair:3   | wotan: salí!
 29699 | Lair:3   | wotan: modo conservative total xD
 29699 | Lair:3   | quik: ahi ahi!
 29699 | Lair:3   | quik: estoy orgulloso
 29699 | Lair:3   | wotan: xD
 29729 | Lair:2   | wotan: spider, no?
 29739 | Lair:4   | quik: si
 29739 | Lair:4   | quik: clarity o poison resistance
 29739 | Lair:4   | quik: ah, eres un ghoul
 29739 | Lair:4   | quik: jajaja
 29739 | Lair:4   | quik: awesome!
 29739 | Lair:4   | wotan: no era ese el que estabas pensando si ir a slime?
 29739 | Lair:4   | wotan: es decir, en vez de el spider nest
 29741 | Lair:4   | quik: no
 29743 | Lair:4   | quik: es en vez de vaults
 29790 | Spider:1 | Entered Level 1 of the Spider Nest
 29791 | Spider:1 | quik: si entendí bien tu pregunta
 29791 | Spider:1 | wotan: ah vale
 29966 | Spider:1 | quik: aqui es interesante que tengas algun ataque ranged
 29971 | Lair:4   | quik: si tienes por ahi blowgun y poison needles son ideales
 29971 | Lair:4   | quik: porque las arañas son susceptible to poison
 29971 | Lair:4   | wotan: nada!
 29971 | Lair:4   | quik: las orb spiders esas son jodidas
 29971 | Lair:4   | quik: haz un control f blowgun
 29971 | Lair:4   | quik: me estraña que no tengas
 29971 | Lair:4   | quik: con x
 30080 | Lair:4   | quik: nada?
 30080 | Lair:4   | quik: no estaba atento
 30080 | Lair:4   | wotan: hay una por ahi
 30080 | Lair:4   | wotan: puedo ir a por ella
 30080 | Lair:4   | quik: y hay tambien needles?
 30080 | Lair:4   | quik: eso te soluciona mogollon
 30080 | Lair:4   | quik: runed!
 30080 | D:12     | quik: :D
 30080 | Lair:4   | quik: y me tengo que ir a comer
 30144 | Lair:3   | quik: good luck
 30144 | Lair:3   | quik: xD
 30144 | Lair:3   | quik: lo dejo puesto pero no estoy delatne
 30144 | Lair:3   | wotan: nice!
 30144 | Lair:3   | wotan: que aproveite!
 31037 | Spider:1 | Reached XP level 17. HP: 123/143 MP: 25/25
 31338 | Spider:1 | Reached skill level 1 in Throwing
 31782 | Spider:2 | Noticed Arachne
 31809 | Spider:2 | Killed Arachne
 33479 | Spider:3 | Noticed Nikola
 33494 | Spider:3 | Killed Nikola
 33700 | Spider:3 | quik: go go peter sellers!
 33800 | Spider:3 | wotan: maté un mad scientist!
 33800 | Spider:3 | quik: y eso que es!
 33800 | Spider:3 | wotan: no se como ver el log xD
 33800 | Spider:3 | quik: control p
 33800 | Spider:3 | quik: o ?:
 33800 | Spider:3 | quik: seria un wizard laboratory?
 33800 | Spider:3 | quik: nikola?
 33800 | Spider:3 | wotan: ese xD
 33800 | Spider:3 | quik: ese es jodido
 33800 | Spider:3 | quik: si no tienes rElec
 33800 | Spider:3 | quik: If you don't have rElec, go away. If you do have rElec, go away. In either case, just use curare.
 33800 | Spider:3 | wotan: pues yo llamé a un primo de makhleb
 33800 | Spider:3 | quik: eso dice la learndb
 33800 | Spider:3 | quik: xDDD
 33800 | Spider:3 | wotan: xDDD
 33800 | Spider:3 | wotan: pues a mi no me costó casi nada
 33800 | Spider:3 | quik: Kill him for his cloak and gloves and rapier of elec! / Nikola yells, "Danger! Danger! High voltage!" / Spamming butterflies is an easy way to (mostly) nullify his chain lightning, if you can use them.
 33800 | Spider:3 | quik: porque eres una bestia parda, me parece a mi
 33800 | Spider:3 | quik: xD
 33800 | Spider:3 | wotan: xDD
 33800 | Spider:3 | quik: ojo con tus 6 de int
 33800 | Spider:3 | quik: yo le pondria un par de puntos de level up
 33800 | Spider:3 | wotan: tengo por ahi un anilo de inteligencia
 33800 | Spider:3 | wotan: no se si cunde ir con eso
 33800 | Spider:3 | quik: para un mago si, para ti es un poco heavy
 33800 | Spider:3 | quik: es mejor cambiar 2 puntos de str o dex por 2 puntos de int que cambiar 2 puntos de int por, por ejemplo, rCold
 33800 | Spider:3 | wotan: bajo al 4?
 33800 | Spider:3 | quik: si, ahora tienes que hacer las runas
 33800 | Spider:3 | wotan: ok
 33800 | Spider:3 | quik: tanto da swamp o spider primero
 33830 | Spider:4 | Entered Level 4 of the Spider Nest
 33836 | Spider:4 | quik: y con cuidado, que los niveles finales son fodidos
 33836 | Spider:4 | wotan: ok
 33840 | Spider:3 | quik: ole!
 33840 | Spider:3 | quik: me ha gustado ese blink
 33840 | Spider:3 | quik: xD
 33840 | Spider:3 | wotan: xD
 33840 | Spider:3 | wotan: bien!
 33848 | Spider:3 | quik: la idea de las agujas envenenadas es darles dos veces
 33855 | Spider:3 | quik: en cuanto pone algo asi como feels more sick
 33860 | Spider:3 | quik: ahi ya pasas a pegarle normal
 33920 | Spider:4 | quik: gran técnica!
 33920 | Spider:4 | wotan: vamos!
 33923 | Spider:4 | quik: si pones el blowgun en la a o en la b, luego cambias con '
 33928 | Spider:4 | quik: even sicker es lo que dice cuando le das dos veces
 33930 | Spider:3 | wotan: si, me acabo de fijar
 33930 | Spider:3 | wotan: ah, sabia que habia una manera pero no me acordaba
 33950 | Spider:3 | quik: hay tambien un coloreador de mensajes para el archivo rc
 33952 | Spider:3 | quik: :D
 33965 | Spider:3 | wotan: ahm xD
 33965 | Spider:3 | wotan: pues ya me diras, aun no puse lo otro
 33967 | Spider:4 | quik: cuando quieras
 34232 | Spider:4 | quik: aqui igual puedes hacer un killhole
 34234 | Spider:4 | quik: porque me da que va a haber muchas arañas ahi dentro
 34248 | Spider:4 | wotan: ahm
 34248 | Spider:4 | wotan: ok
 34248 | Spider:4 | wotan: la de disintegration vale igual que la de digging, no?
 34248 | Spider:4 | quik: si, es mejor, de hecho
 34248 | Spider:4 | wotan: antes la usé para escapar del ghost, pero no se si funciono de casualidad xD
 34248 | Spider:4 | wotan: ah ok
 34248 | Spider:4 | quik: porque hace solo un agujero
 34252 | Spider:4 | quik: mira a ver el material
 34252 | Spider:4 | quik: si pone rock puedes agujerearlo
 34252 | Spider:4 | quik: ok
 34252 | Spider:4 | wotan: yes
 34440 | Spider:4 | quik: el killhole son 3 huecos
 34443 | Spider:4 | quik: 2 en una direccion diagonal y otro en 1
 34443 | Spider:4 | wotan: ah ok
 34443 | Spider:4 | quik: ahi te ven desde fuera y te pueden disparar las orb spiders, por ejemplo
 34443 | Spider:4 | wotan: ok
 34443 | Spider:4 | quik: *y 1 en otra
 34443 | Spider:4 | quik: xD
 34447 | Spider:4 | quik: perfecto
 34447 | Spider:4 | Reached skill level 10 in Shields
 34470 | Spider:4 | quik: ahi la tienes, a tu merced
 34470 | Spider:4 | quik: xD
 34835 | Spider:4 | Reached XP level 18. HP: 151/151 MP: 26/26
 34873 | Spider:4 | quik: la moth of wrath pone berserker a la peña
 34878 | Spider:4 | quik: deberias matarla antes de que te la lie
 34878 | Spider:4 | wotan: ah ok
 34884 | Spider:4 | Reached skill level 18 in Unarmed Combat
 35029 | Spider:4 | Got a gossamer rune of Zot
 35037 | Spider:4 | wotan: i have arune!
 35037 | Spider:4 | quik: congratulations!
 35086 | Spider:4 | quik: los scrolls of recharging son very precious to you
 35087 | Spider:4 | quik: y mas teniendo una wand of haste
 35117 | Spider:4 | quik: usarlos en una wand of fire es como limpiarse el culo con billetes de 50 euros
 35117 | Spider:4 | quik: xDD
 35117 | Spider:4 | wotan: xDDD
 35117 | Spider:4 | wotan: no me digas
 35117 | Spider:4 | quik: XDD
 35117 | Spider:4 | quik: haste es lo que quieres usar antes de cada big fight
 35117 | Spider:4 | wotan: bueno, marcho un rato!
 35117 | Spider:4 | quik: alright!
 35486 | Swamp:1  | Killed DEFE's ghost
 35724 | Swamp:4  | Entered Level 4 of the Swamp
 37065 | Swamp:4  | Noticed a bone dragon
 37175 | Swamp:4  | Killed a bone dragon
 37242 | Swamp:4  | Got a decaying rune of Zot
 37711 | Vaults:1 | Entered Level 1 of the Vaults
 37711 | Vaults:1 | Noticed Jorgrun
 37749 | D:13     | Killed Jorgrun
 38120 | D:13     | Reached skill level 19 in Unarmed Combat
 38128 | D:13     | Got a coiled bone amulet
 38130 | D:13     | Identified the amulet "Jyh Agoc" {*Drain +Rage rF++ Int+5} (You took it off an ogre mage on level 13 of the Dungeon)
 38416 | D:13     | Reached XP level 19. HP: 149/158 MP: 28/28
 39015 | Vaults:1 | Reached skill level 20 in Unarmed Combat
 39658 | Vaults:2 | Found a staircase to the Crypt.
 39739 | Vaults:2 | Noticed Norris
 39742 | Vaults:2 | Paralysed by Norris for 5 turns
 39756 | Vaults:2 | Killed Norris
 39761 | Vaults:2 | Noticed Frederick
 39770 | Vaults:2 | Killed Frederick
 40092 | Vaults:2 | Noticed Sojobo
 40761 | Vaults:1 | Upgraded the game from 0.17-a0-1210-g1e4f09d to 0.17-a0-1248-g117de50
 40787 | Vaults:1 | quik: yo!
 40794 | Vaults:1 | wotan: yoyo!
 40794 | Vaults:1 | wotan: es un tengu mago unique
 40794 | Vaults:1 | wotan: pero a ver si lo evito
 40794 | Vaults:1 | quik: no tengo el placer
 40896 | Vaults:2 | quik: dale a ?: a ver quien es
 40904 | Vaults:2 | quik: o contorl o
 40904 | Vaults:2 | quik: control
 40904 | Vaults:2 | wotan: sojobo!
 40904 | Vaults:2 | quik: mmm no me suena, voy a mirar que hace
 40904 | Vaults:2 | wotan: ese me pega con magia, con melé, con todo xD
 40904 | Vaults:2 | quik: hace daño electrico
 40904 | Vaults:2 | wotan: ahm
 40904 | Vaults:2 | quik: Dam: 28, 14, 14
 40904 | Vaults:2 | quik: no esta mal
 40904 | Vaults:2 | quik: ademas lleva una buena arma, seguramente
 40904 | Vaults:2 | quik: xD
 40904 | Vaults:2 | wotan: deberia subir armour o shields?
 40904 | Vaults:2 | quik: que shield usas?
 40904 | Vaults:2 | wotan: uno normal
 40904 | Vaults:2 | quik: pues hasta 15 para quitar penalizacion
 40904 | Vaults:2 | wotan: skill to remove penalty, les faltó algun decimal
 40904 | Vaults:2 | quik: que raro
 40904 | Vaults:2 | wotan: ah ok
 40904 | Vaults:2 | quik: normalmente no sale con tantos decimales
 40904 | Vaults:2 | quik: xD
 40904 | Vaults:2 | wotan: xD
 40904 | Vaults:2 | quik: y que armadura usas?
 40904 | Vaults:2 | wotan: alguien la cagó con un commit
 40904 | Vaults:2 | quik: xDD
 40904 | Vaults:2 | quik: pues tambien puedes subir armadura, que es bastante pesada
 40904 | Vaults:2 | wotan: tambien 15?
 40904 | Vaults:2 | quik: ahi ya no hay numeros claros
 40904 | Vaults:2 | quik: bueno, ya la tienes a 12
 40904 | Vaults:2 | quik: supongo que esta bien
 40904 | Vaults:2 | wotan: ok
 40904 | Vaults:2 | quik: esto ya esta fuera de mi knowledge
 40904 | Vaults:2 | wotan: pues shields then
 41004 | Vaults:3 | quik: ojo
 41004 | Vaults:3 | quik: peligro
 41004 | Vaults:3 | quik: gordo
 41004 | Vaults:3 | quik: son dos summoners
 41004 | Vaults:3 | quik: y uno que cierra puertas
 41004 | Vaults:3 | quik: y el demonologist summonea cosas peligrosas
 41004 | Vaults:3 | quik: y el otro trae cosas de este nivel
 41004 | Vaults:3 | quik: asi que tambien peligrosas
 41004 | Vaults:3 | wotan: entonces recularé?
 41004 | Vaults:3 | quik: ahora mismo ya estas peor de lo que te gustaria estar
 41004 | Vaults:3 | quik: porque cuando recules es posible que te cierre la puerta
 41004 | Vaults:3 | quik: entonces no se cual es el juego optimo aqui
 41004 | Vaults:3 | quik: jajaja
 41004 | Vaults:3 | quik: no se si cierra puertas si no te ve
 41004 | Vaults:3 | wotan: pues será ponerme sobre la puerta para que no me la cierre xDD
 41004 | Vaults:3 | quik: igual un scroll of fog
 41004 | Vaults:3 | quik: pero te la puede cerrar antes de que llegues
 41004 | Vaults:3 | quik: y ademas si estas encima te la cierra igual
 41004 | Vaults:3 | quik: y te trae hacia aqui
 41004 | Vaults:3 | wotan: ah vale
 41004 | Vaults:3 | quik: los summoners si no te ven no summonean, eso fijo
 41004 | Vaults:3 | quik: si supiera que el otro no cierra puertas tampoco, scroll of fog pienso que seria cojonudo
 41004 | Vaults:3 | wotan: deberia ponerme un amuleto de warding?
 41004 | Vaults:3 | quik: para poder recular
 41004 | Vaults:3 | wotan: o eso no cunde?
 41004 | Vaults:3 | quik: no se si el amulet of warding protege contra spells de summoned creatures
 41004 | Vaults:3 | wotan: uhm, debí de tirarlo por ahi
 41004 | Vaults:3 | quik: el convoker, de todas formas, recallea
 41004 | Vaults:3 | quik: no summonea
 41004 | Vaults:3 | quik: o sea, que trae bichos permanentes
 41005 | Vaults:3 | quik: por ejemplo
 41006 | Vaults:3 | Noticed a Brimstone Fiend
 41007 | Vaults:3 | quik: ese bicho es como el que mataste en la ice cave
 41007 | Vaults:3 | quik: pero de fuego
 41007 | Vaults:3 | quik: tiene tormento, hellfire, etc
 41007 | Vaults:3 | wotan: ahm
 41009 | Vaults:3 | quik: ahora mismo estas mas muerto que vivo
 41010 | Vaults:3 | quik: y a eso me referia
 41010 | Vaults:3 | wotan: bien xD
 41010 | Vaults:3 | wotan: bueno, vamos a salir de esta
 41010 | Vaults:3 | quik: supongo que leer teleport
 41010 | Vaults:3 | quik: y a ver donde caes
 41010 | Vaults:3 | quik: estando con la vida casi llena no deberia haber mucho fallo
 41029 | Vaults:3 | quik: te van a venir otra vez
 41232 | Vaults:3 | wotan: sobrevivi!
 41278 | Vaults:3 | quik: XD
 41278 | Vaults:3 | quik: gz
 41282 | Vaults:3 | quik: el veneno es mas para bichos que pegan fuerte a melee
 41289 | Vaults:3 | quik: contra un caster lo que quieres hacer es salir de su LOS para que no pueda hacerte nada
 41290 | Vaults:3 | quik: y matarlo facil a melee
 41302 | Vaults:3 | quik: y ahi tienes una shadow fiend
 41302 | Vaults:3 | quik: que es igual de jodida que la otra
 41310 | Vaults:3 | quik: aunque bah, eres un ghoul, immune a tormento
 41311 | Vaults:3 | quik: eso es la hostia para estos bichos
 41315 | Vaults:3 | quik: nunca me acuerdo de tenerlo en cuenta
 41315 | Vaults:3 | quik: xD
 41324 | Vaults:3 | wotan: fuck
 41324 | Vaults:3 | quik: XD yo aqui no me atrevo ni a opinar
 41324 | Vaults:3 | wotan: xD
 41518 | Vaults:3 | wotan: how lucky
 41518 | Vaults:3 | quik: XD
 41518 | Vaults:3 | quik: tu sabes cual es la causa de estos problemas?
 41518 | Vaults:3 | wotan: que voy a lo loco! xD
 41521 | Vaults:3 | quik: pero eres consciente de como habria que jugar optimamente?
 41523 | Vaults:3 | quik: simplemente es curiosidad
 41523 | Vaults:3 | wotan: no mucho xDD
 41523 | Vaults:3 | quik: luego cada uno que juegue como quiera, que esto es for fun
 41523 | Vaults:3 | wotan: a lo mejor ir hacia atra cuando vi al primero
 41524 | Vaults:3 | quik: la idea es que en cuento ves un bicho, por debil que sea, retrocedes 12 pasos, por ejemplo
 41526 | Vaults:3 | quik: hacia las escaleras
 41529 | Vaults:3 | quik: o hacia un choke point
 41529 | Vaults:3 | quik: y ahi lo matas
 41534 | Vaults:3 | quik: luego sigues explorando, etc etc
 41548 | Vaults:3 | quik: porque si luchas con bichos en el borde de lo explorado, el ruido atrae a otros
 41555 | Vaults:3 | quik: y pueden venir bichos peligrosos cuando estas pegando a un bicho trivial
 41560 | Vaults:3 | quik: que fue lo que paso las dos veces
 41620 | Vaults:3 | wotan: ahm
 41620 | Vaults:3 | wotan: pues si
 41620 | Vaults:3 | wotan: a ver ahora si no me meto en tantas xD
 41624 | Vaults:3 | quik: XD
 41654 | Vaults:3 | quik: eso ya se ve mas profesional
 41654 | Vaults:3 | quik: xD
 41670 | Vaults:3 | quik: cuidado
 41671 | Vaults:3 | quik: contra un caster no quieres dejarlo que te pegue de lejos
 41671 | Vaults:3 | quik: quieres traerlo a melee lo mas rapido posible
 41696 | Vaults:3 | wotan: eso lo sabia xD
 41696 | Vaults:3 | quik: contra los casters la idea es jugar con la LOS
 41696 | Vaults:3 | wotan: si, ahora lo tenia facil
 41696 | Vaults:3 | quik: esconderte de forma que tengan que andar hacia ti
 41696 | Vaults:3 | quik: bien!
 41760 | Vaults:3 | quik: ahora, cierra la puerta
 41762 | Vaults:3 | quik: ahi le diste 3 turnos para summonear un greater demon
 41762 | Vaults:3 | quik: no, decia antes
 41762 | Vaults:3 | quik: en cuanto lo ves, cierras la puerta
 41762 | Vaults:3 | wotan: ah vale
 41762 | Vaults:3 | quik: entonces el viene hacia ti y no sumonea nada
 41762 | Vaults:3 | quik: la abre
 41762 | Vaults:3 | wotan: ah!
 41762 | Vaults:3 | wotan: xD
 41762 | Vaults:3 | quik: y lo matas facil
 41762 | Vaults:3 | wotan: eso es nice
 41762 | Vaults:3 | quik: :D
 41779 | Vaults:3 | quik: mismo caso
 41791 | Vaults:3 | quik: easy peasy!
 41792 | Vaults:3 | quik: xD
 41806 | Vaults:3 | wotan: xD
 41806 | Vaults:3 | wotan: pues si
 41806 | Vaults:3 | wotan: eso no se me ocurriria nunca
 41806 | Vaults:3 | Noticed Avack's ghost (mighty GrMo)
 41807 | Vaults:3 | quik: es que los casters son nasty
 41815 | Vaults:3 | quik: mmm
 41815 | Vaults:3 | quik: igual hasteate
 41815 | Vaults:3 | quik: tiene mucho AC
 41826 | Vaults:3 | quik: momento de escapar
 41826 | Vaults:3 | quik: yo diria
 41826 | Vaults:3 | wotan: pega duro xD
 41826 | Vaults:3 | wotan: con que metodologia, un teleport?
 41826 | Vaults:3 | quik: no, andando, yo creo
 41827 | Vaults:3 | quik: eres mas rapido por estar hasted
 41829 | Vaults:3 | quik: y no te va a seguir escaleras arriba
 41829 | Vaults:3 | quik: y no pega a distancia
 41829 | Vaults:3 | wotan: entonces voy a unas escaleras?
 41829 | Vaults:3 | quik: si
 41865 | Vaults:3 | wotan: y espero sin mas?
 41865 | Vaults:3 | wotan: o subo?
 41865 | Vaults:3 | quik: baja por otras
 41865 | Vaults:3 | quik: y ya no se acuerda de ti
 41883 | Vaults:2 | quik: great technique!
 41894 | Vaults:2 | wotan: ahora a ver por donde vuelvo para no encontrarme con el rojo ese
 41894 | Vaults:2 | quik: mmm
 41894 | Vaults:2 | quik: cierto
 41894 | Vaults:2 | quik: pues mira
 41894 | Vaults:2 | quik: por que no vas a depths?
 41894 | Vaults:2 | wotan: bueno, creo que por ahi no deberia estar, si es que no se mueve mucho
 41894 | Vaults:2 | quik: mi razonamiento es que hay riesgo en dos pisos
 41895 | Vaults:2 | quik: entonces no puedes jugar con la seguridad de escapar al de arriba si algo va mal en el de abajo
 41895 | Vaults:2 | wotan: ya, cierto
 41895 | Vaults:2 | quik: entonces por eso se me ocurre ir a depths y volver siendo mas fuerte
 41895 | Vaults:2 | wotan: pues depths!
 41898 | Vaults:2 | quik: total la dificultad es parecida
 41905 | Vaults:2 | quik: sube por ahi ya
 41923 | Vaults:2 | quik: Vaults:1 es seguro, no?
 41926 | Vaults:1 | wotan: si
 42082 | Depths:1 | Entered Level 1 of the Depths
 42166 | Depths:1 | quik: me ausento unos minutos
 42166 | Depths:1 | wotan: ok
 42217 | Depths:1 | Reached XP level 20. HP: 167/167 MP: 29/29
 42247 | Depths:1 | Found a one-way gate to the infinite horrors of the Abyss.
 42292 | Depths:1 | Found a gateway to Hell.
 42386 | Depths:1 | Found a gateway to a ziggurat.
 42459 | Depths:1 | Paralysed by a sphinx for 5 turns
 42620 | Depths:1 | Found Bessoocu's Weapon Shoppe.
 43470 | Depths:1 | quik: back
 44292 | Depths:2 | HP: 1/167 [octopode crusher (10)]
 44292 | Depths:2 | Slain by an octopode crusher

Vault maps used:
D:1:      erik_arrival_orb_chamber
D:2:      lemuel_blue_sif_altar, first_bread
D:3:      grunt_ministairs_5
D:4:      old_standard_altar
D:5:      nemelex_altar_shiori, uniq_edmund, uniq_eustachio, uniq_sigmund
D:6:      gammafunk_temple_overflow_elements, lemuel_coloured_pillars_altar,
          minmay_temple_entry_statues_pillars, minivault_4, kennysheep_potato
D:7:      the_bakery, minmay_ruffians
D:8:      lair_0_dummy, basic_altar
D:9:      small_chamber_with_monster, dk_noncrumbling_4, uniq_psyche,
          uniq_joseph, uniq_prince_ribbit1, uniq_erica
D:10:     zombieorc1_lemuel, lemuel_oklob_altar, uniq_snorg
D:12:     hangedman_cross_stitches, trog_wizard
D:13:     david_vaults_4, serial_ice, serial_ice_f, serial_ice_j, serial_ice_g,
          serial_ice_a, serial_shops, shop
D:14:     minmay_staircase_statues
D:15:     grunt_enter_depths_snipers, minmay_fire_ice_demons, uniq_rupert
Temple:   nicolae_temple_figure_eight
Lair:1:   grunt_forest_large_clearings
Lair:3:   swamp_mist_pool, uniq_gastronok
Lair:4:   spider_nest_entry_funnel_web, grunt_megastairs_2
Lair:5:   lemuel_fruit_tree
Lair:6:   kennysheep_abandoned_house
Lair:8:   minmay_lair_end_frog_pond, slime_altar_1,
          nicolae_volcano_entry_lava_flow
Swamp:1:  evilmike_swamp_ruin_house_5
Swamp:2:  portal_ice_cave_entry_ice_beasts, serial_swamp_ruin,
          evilmike_swamp_ruin_house_6, evilmike_swamp_ruin_house_3,
          hangedman_swamp_ruin_hall
Swamp:3:  hangedman_swamp_diagram, nicolae_swamp_godswood
Swamp:4:  swamp_pestilence, swamp_pool3
Spider:2: uniq_arachne
Spider:3: uniq_nikola
Spider:4: spider_rune_water
Orc:3:    nicolae_orc_accident_1, nicolae_orc_pool_cavern, uniq_sonja
Orc:4:    st_orc_ogre_mass, uniq_josephine
Vaults:1: grunt_vaults_twisty, st_octagons_1, vaults_room_semicircle,
          vaults_mumra_hex, uniq_jorgrun
Vaults:2: minmay_crypt_entry_simple_walls, vaults_mumra_hexcomb, v_misc_25,
          v_pattern_3, v_misc_18, v_misc_10, v_misc_2, vaults_room_door_ring,
          nicolae_vaults_little_squares_1, uniq_frederick, uniq_norris,
          uniq_sojobo
Vaults:3: dpeg_vaults_monster_box, vaults_room_corners, v_pattern_2,
          ontoclasm_vaults_spin, hangedman_vaults_maws, vaults_dpeg_spiral,
          vaults_room_stairs_pillars, ontoclasm_vaults_fault, v_misc_16,
          vaults_standard_mumra_lines
Depths:1: enter_ziggurat_f, serial_shops, shop, pf_coc_iceberg,
          abyss_entry_crystal, kennysheep_nub, minmay_misc_feat_room,
          serial_bayou_pond_c, hangedman_abyss_or_decor_clamps,
          lemuel_flamethrower_2
Depths:2: kennysheep_four_of_diamonds, grunt_hell_horde, columned_hall_lemuel,
          pan_entry, infiniplex_staircase_squiggle
IceCv:    ice_cave_caverns_02
Volcano:  volcano_tomb

Action                   |  1- 3 |  4- 6 |  7- 9 | 10-12 | 13-15 | 16-18 | 19-21 || total
-------------------------+-------+-------+-------+-------+-------+-------+-------++-------
Melee: Unarmed           |   111 |   198 |   309 |   811 |  2424 |  2695 |  1286 ||  7834
       Blowgun           |       |       |       |       |       |     1 |       ||     1
 Fire: Blowgun           |       |       |       |       |       |    99 |    19 ||   118
Throw: Tomahawk          |       |     1 |     2 |     5 |       |       |       ||     8
Invok: Minor Destruction |       |       |       |    15 |    42 |    36 |     1 ||    94
       Lesser Servant of |       |       |       |     6 |       |     6 |       ||    12
       Major Destruction |       |       |       |     2 |     3 |    15 |    15 ||    35
       Greater Servant o |       |       |       |       |       |     5 |     3 ||     8
 Abil: Evoke Blink       |       |       |       |       |     1 |     9 |     9 ||    19
       Evoke Invisibilit |       |       |       |       |       |     1 |     2 ||     3
Evoke: Wand              |       |       |       |       |     1 |    43 |     1 ||    45
       Fan of gales      |       |       |       |       |       |       |     1 ||     1
  Use: Scroll            |     1 |    10 |     7 |    14 |    11 |    15 |     9 ||    67
       Potion            |       |       |     1 |     1 |     6 |     7 |     4 ||    19
 Stab: Sleeping          |     2 |     2 |       |     3 |     3 |       |       ||    10
       Distracted        |       |       |       |     2 |     2 |     3 |       ||     7
       Invisible         |       |       |       |       |       |     3 |     1 ||     4
       Confused          |       |       |       |       |       |     1 |       ||     1
  Eat: Chunk             |     3 |    13 |    13 |    30 |    62 |   100 |    52 ||   273
       Meat ration       |       |       |       |       |       |     2 |       ||     2
       Pizza             |       |       |       |       |       |     1 |       ||     1
